 Dungeon Crawl Stone Soup version 0.28-b1-25-g9875b3fc8c (webtiles) character file.

Game seed: 6081850252059438481

51 Cykl0x the Conjurer (level 3, 0/20 HPs)
             Began as a Gargoyle Conjurer on Feb 2, 2022.
             Slain by Crazy Yiuf (3 damage)
             ... on level 2 of the Dungeon.
             The game lasted 00:02:59 (2063 turns).

Cykl0x the Conjurer (Gargoyle Conjurer)             Turns: 2063, Time: 00:03:00

Health: 0/20       AC:  5    Str: 12    XL:     3   Next: 81%
Magic:  0/6        EV: 11    Int: 18    God:
Gold:   29         SH:  0    Dex:  8    Spells: 3/6 levels left

rFire   . . .      SeeInvis .   g - +0 short sword
rCold   . . .      Faith    .   (no shield)
rNeg    + . .      Spirit   .   a - +0 robe
rPois   ∞          Reflect  .   (no helmet)
rElec   +          Harm     .   (no cloak)
rCorr   .          Rampage  .   (no gloves)
Will    .....                   (no boots)
Stlth   ++........              (no amulet)
HPRegen 0.06/turn               (no ring)
MPRegen 0.10/turn               (no ring)

@: invisible
A: sickness immunity, AC +3, negative energy resistance 1, electricity
resistance, torment resistance 1, petrification resistance
a: no special abilities


You were on level 2 of the Dungeon.
You visited 1 branch of the dungeon, and saw 2 of its levels.

You collected 29 gold pieces.

Inventory:

Hand Weapons
 b - a +0 dagger
 g - a +0 short sword (weapon)
Armour
 a - a +0 robe (worn)
Scrolls
 h - a scroll of blinking {unknown}
 k - a scroll of immolation {unknown}
Potions
 c - a potion of might {unknown}
 d - a potion of lignification {unknown}
 e - a potion of berserk rage {unknown}
 f - a potion of attraction {unknown}
 i - a potion of flight {unknown}
 j - a potion of resistance {unknown}


   Skills:
 * Level 1.2 Fighting
 + Level 0.1(0.3) Short Blades
 * Level 0.6 Long Blades
 * Level 1.1 Armour
 + Level 1.7 Dodging
 - Level 2.1 Stealth
 + Level 2.1 Spellcasting
 + Level 4.9 Conjurations
 * Level 0.7 Hexes


You had 3 spell levels left.
You knew the following spells:

 Your Spells              Type           Power      Damage    Failure   Level
a - Magic Dart            Conj           76%        1d6       2%          1
b - Searing Ray           Conj           38%        2d5       3%          2

Your spell library contained the following spells:

 Spells                   Type           Power      Damage    Failure   Level
 Dazzling Flash           Conj/Hex       24%        N/A       17%         3
 Fulminant Prism          Conj/Hex       6%         3d7       50%         4
 Iskenderun's Mystic Bla  Conj/Tloc      10%        2d4       54%         4


Dungeon Overview and Level Annotations

Branches:
Dungeon (2/15)

Altars:

Shops:
D:1 [

Annotations:
D:2 Crazy Yiuf


Innate Abilities, Weirdness & Mutations

You are immune to sickness and miasma.
Your stone body is resilient. (AC +3)
You are immune to poison.
You resist negative energy. (rN+)
You are resistant to electric shocks. (rElec)
You are resistant to unholy torment.
You are immune to petrification.


Message History

You see here a +0 mace.
Press: ? - help, v - describe, . - travel, g - get item
Here: Crazy Yiuf, wielding a +2 quarterstaff of chaos and wearing a +0 cloak (fire blocked by a runed translucent door) Item here: a mace.
The floor.
You open the door.
Crazy Yiuf drinks a potion.
Crazy Yiuf seems to speed up.
Casting: Searing Ray (safe; 3% risk of failure)
Confirm with . or Enter, or press ? or * to list all spells.
Aiming: Searing Ray (safe; 3% risk of failure)
Press: ? - help, Shift-Dir - straight line, f - Crazy Yiuf
Aim: Crazy Yiuf, wielding a +2 quarterstaff of chaos and wearing a +0 cloak (fast, 81% to hit)
The searing ray hits Crazy Yiuf!
Crazy Yiuf is moderately wounded. (Press . to maintain the ray.) Crazy Yiuf closely misses you.
The searing ray misses Crazy Yiuf.
Crazy Yiuf barely misses you.
The searing ray hits Crazy Yiuf.
Crazy Yiuf is heavily wounded.
Crazy Yiuf hits you with a +2 quarterstaff of chaos!
You feel your power leaking away.
Crazy Yiuf hits you with a +2 quarterstaff of chaos.
Space warps around you.
* * * LOW HITPOINT WARNING * * *
You barely miss Crazy Yiuf.
Crazy Yiuf is heavily wounded.
Crazy Yiuf barely misses you. x2
You barely miss Crazy Yiuf.
Crazy Yiuf is heavily wounded.
Crazy Yiuf barely misses you.
You hit Crazy Yiuf but do no damage.
Crazy Yiuf is heavily wounded.
Crazy Yiuf completely misses you.
Crazy Yiuf hits you with a +2 quarterstaff of chaos.
* * * LOW HITPOINT WARNING * * *
You fade into invisibility!
You hit Crazy Yiuf.
Crazy Yiuf is severely wounded.
Crazy Yiuf glowers.
Crazy Yiuf hits you with a +2 quarterstaff of chaos.
You die...

#.##.#.#.# #....♣P #.##.#.#.#
#..PP♣♣. #.##.#...# #...♣♣ ..
#.##.##### #....♣ ###.##'#
#.#... #......# ♣♣♣♣♣##.#..
#......# ### ♣♣♣.♣..+..#.#
#......# #)..#♣).♣).P...#.#
#......# #.))g@♣♣♣♣.P.....#
#......# #)))#♣♣ ♣♣.+....#
###.##.# ### ♣♣##.#.#
#####.##.# #.#.# .......#<#
#.#.# .######################
#.#.###
.................#.##'#####.#..
###############........# #.#.#
.................##....# #.#.#


You could see Crazy Yiuf (fast).

Vanquished Creatures
  2 adders (D:2)
  2 dart slugs (D:1)
  2 bats
  2 endoplasms (D:2)
  3 goblins
  A hobgoblin (D:1)
  4 jackals (D:2)
  2 kobolds
  A quokka (D:1)
  3 ball pythons
  A frilled lizard (D:1)
  4 rats
  A spectral goblin (D:2)
28 creatures vanquished.

Vanquished Creatures (others)
  A fungus (D:2)
  4 plants (D:2)
5 creatures vanquished.

Grand Total: 33 creatures vanquished

Notes
Turn   | Place    | Note
-------+----------+-------------------------------------------
     0 | D:1      | Cykl0x the Gargoyle Conjurer began the quest for the Orb.
     0 | D:1      | Reached XP level 1. HP: 10/10 MP: 3/3
   410 | D:1      | Reached XP level 2. HP: 15/15 MP: 0/5
   413 | D:1      | Learned a level 2 spell: Searing Ray
   673 | D:1      | Found Ucipub's Antique Armour Emporium.
  1201 | D:2      | Reached XP level 3. HP: 20/20 MP: 2/6
  1314 | D:2      | Reached skill level 1 in Fighting
  1772 | D:2      | Found a faded altar of an unknown god.
  1779 | D:2      | Reached skill level 1 in Armour
  2052 | D:2      | Found a runed translucent door.
  2053 | D:2      | Noticed Crazy Yiuf
  2063 | D:2      | Slain by Crazy Yiuf

Illustrated notes

Levels and vault maps discovered:
D:1:      minmay_arrival_open_corners, layout_basic, serial_shops,
          nicolae_lakefront_shop
D:2:      layout_basic, dreamdust_ecumenical_altar_drowned_temple,
          serial_forest, infiniplex_forest_clump_double,
          infiniplex_forest_end_3, infiniplex_forest_lined_2,
          infiniplex_forest_straight_5, infiniplex_forest_clump_medium,
          uniq_crazy_yiuf_cottage

Skill      XL: |  1  2  3 |
---------------+----------+-----
Fighting       | 1 |  1.2
Armour         | 1 |  1.1
Short Blades   | |  0.1
Long Blades    | |  0.6
Dodging        | |  1.7
Stealth        | |  2.1
Spellcasting   | |  2.1
Conjurations   | |  4.9
Hexes          | |  0.7

Action                   || total
-------------------------++-------
Melee: Dagger            ||     9
       Short sword       ||    29
 Cast: Magic Dart        ||    37
       Searing Ray       ||     6
  Use: Scroll            ||     3
Armor: Robe              ||    16
Dodge: Dodged            ||    33
